 Dungeon Crawl Stone Soup version 0.28.0-53-g5a82cb258f (webtiles) character file.

Game seed: 3546182931481729403

54 concernfroge the Conjurer (level 3, 0/19 HPs)
             Began as a Deep Elf Conjurer on June 18, 2022.
             Slain by a gnoll
             ... wielding a +0 club
              (9 damage)
             ... on level 2 of the Dungeon on June 19, 2022.
             The game lasted 00:03:46 (1223 turns).

concernfroge the Conjurer (Deep Elf Conjurer)       Turns: 1223, Time: 00:03:46

Health: 0/19       AC:  3    Str:  3 (4)  XL:     3   Next: 66%
Magic:  1/10       EV: 12    Int: 21 (24) God:
Gold:   8          SH:  0    Dex: 10 (13) Spells: 4/10 levels left

rFire   . . .      SeeInvis .   (no weapon)
rCold   . . .      Faith    .   (no shield)
rNeg    . . .      Spirit   .   a - +1 robe
rPois   .          Reflect  .   (no helmet)
rElec   .          Harm     .   (no cloak)
rCorr   .          Rampage  .   (no gloves)
Will    .....                   (no boots)
Stlth   ++........              (no amulet)
HPRegen 0.06/turn               (no ring)
MPRegen 0.12/turn               (no ring)

@: no status effects
A: no striking features
a: no special abilities


You were on level 2 of the Dungeon.
You visited 1 branch of the dungeon, and saw 2 of its levels.

You collected 8 gold pieces.

Inventory:

Armour
 a - a +1 robe (worn)


   Skills:
 - Level 2.4 Dodging
 - Level 2.4 Stealth
 + Level 4.3 Spellcasting
 + Level 5.1 Conjurations
 + Level 1.1 Hexes


You had 4 spell levels left.
You knew the following spells:

 Your Spells              Type           Power      Damage    Failure   Level
a - Magic Dart            Conj           100%       1d8       1%          1
b - Searing Ray           Conj           52%        2d6       1%          2
c - Dazzling Flash        Conj/Hex       34%        N/A       10%         3

Your spell library contained the following spells:

 Spells                   Type           Power      Damage    Failure   Level
 Ensorcelled Hibernation  Hex/Ice        12%        N/A       14%         2
 Passwall                 Tmut/Erth      3%         N/A       17%         2
 Fulminant Prism          Conj/Hex       8%         3d7       32%         4
 Swiftness                Air            4%         N/A       34%         3
 Iskenderun's Mystic Bla  Conj/Tloc      15%        2d5       36%         4


Dungeon Overview and Level Annotations

Branches:
Dungeon (2/15)

Altars:


Message History

Press: ? - help, Shift-Dir - straight line, p - gnoll The searing ray misses the quokka.
The searing ray hits the gnoll!
You kill the gnoll! (Press . to maintain the ray.)
The quokka closely misses you.
The searing ray hits the quokka.
You kill the quokka!
The searing ray hits the gnoll.
The gnoll is moderately wounded.
The searing ray hits the gnoll!
You kill the gnoll!
The searing ray hits the gnoll.
The gnoll is moderately wounded.
You finish channelling your searing ray.
Your Hexes skill increases to level 1!
Casting: Searing Ray (safe; 1% risk of failure)
Confirm with . or Enter, or press ? or * to list all spells.
Aiming: Searing Ray (safe; 1% risk of failure)
Press: ? - help, Shift-Dir - straight line, f - gnoll
Aim: a gnoll, wielding a +0 spear (82% to hit)
The searing ray hits the gnoll.
The gnoll is severely wounded.
The searing ray hits the gnoll!
The gnoll is heavily wounded. (Press . to maintain the ray.)
The searing ray hits the gnoll.
The gnoll is almost dead.
The gnoll barely misses you.
As you read the scroll labelled JULIC PUCREU, it crumbles to dust.
It is a scroll of enchant armour.
Your +0 robe glows green for a moment.
The gnoll closely misses you. x2
As you read the scroll labelled XONEFACRAV, it crumbles to dust.
The creatures around you are filled with an inner flame!
It was a scroll of immolation.
The gnoll hits you with a +0 club.
The gnoll hits you from afar with a +0 spear.
It was a potion of degeneration.
There was something very wrong with that liquid.
You feel weakened.
You feel dopey.
You feel clumsy. The gnoll hits you with a +0 club!
You die...

.... .g.. .....
#### ...gg ...
....g. ...
......###.##.##
.....g.........
####.# ###@)gg#
+.#g##...#
#.#.##.#.#
#.#.##...#
#....##### ..P
###..#<# #..♣♣♣
####..#.# #..♣.
#.....#.# #...♣
#.....#.######.♣P♣


You could see 2 gnolls and a goblin (inner flame).

Vanquished Creatures
  2 gnolls (D:2)
  A worm (D:2)
  4 endoplasms
  4 giant cockroaches
  2 goblins (D:1)
  3 hobgoblins (D:1)
  3 jackals (D:1)
  A quokka (D:2)
  2 ball pythons (D:1)
  3 bats (D:1)
  A frilled lizard (D:1)
  2 rats
28 creatures vanquished.

Notes
Turn   | Place    | Note
-------+----------+-------------------------------------------
     0 | D:1      | concernfroge the Deep Elf Conjurer began the quest for the
                  | Orb.
     0 | D:1      | Reached XP level 1. HP: 10/10 MP: 6/6
   137 | D:1      | Reached XP level 2. HP: 15/15 MP: 0/8
   140 | D:1      | Learned a level 2 spell: Searing Ray
  1056 | D:2      | Reached skill level 5 in Conjurations
  1056 | D:2      | Reached XP level 3. HP: 19/19 MP: 4/10
  1060 | D:2      | Learned a level 3 spell: Dazzling Flash
  1219 | D:2      | Reached skill level 1 in Hexes
  1223 | D:2      | Slain by a gnoll

Illustrated notes

Levels and vault maps discovered:
D:1:      nicolae_arrival_washed_ashore, layout_rooms,
          chequers_serial_rivers_room_b, grunt_decor_mini_mirrors
D:2:      wad_woods_stonehenge, layout_basic, minmay_tetromino_o2

Skill      XL: |  1  2  3 |
---------------+----------+-----
Spellcasting   | 4 |  4.3
Conjurations   | 5 |  5.1
Hexes          | 1 |  1.1
Dodging        | |  2.4
Stealth        | |  2.4

Action                   || total
-------------------------++-------
Melee: Unarmed           ||     6
 Cast: Magic Dart        ||    58
       Searing Ray       ||     2
  Use: Scroll            ||     2
       Potion            ||     1
Armor: Robe              ||     2
Dodge: Dodged            ||     9
